 Dungeon Crawl Stone Soup version 0.29-a0-577-gafbf2c5d25 (webtiles) character file.

Game seed: 17804102223816481603

56 DocClef the Sneak (level 3, -2/33 HPs)
             Began as a Draconian Delver on June 13, 2022.
             Slain by a hobgoblin (4 damage)
             ... on level 4 of the Dungeon.
             The game lasted 00:01:16 (846 turns).

DocClef the Sneak (Draconian Delver)                 Turns: 846, Time: 00:01:17

Health: -2/33      AC:  5    Str: 14    XL:     3   Next: 69%
Magic:  3/3        EV: 12    Int: 10    God:
Gold:   0          SH:  0    Dex: 14    Spells: 2/2 levels left

rFire   . . .      SeeInvis .   a - +0 short sword
rCold   . . .      Faith    .   (no shield)
rNeg    . . .      Spirit   .   (body armour unavailable)
rPois   .          Reflect  .   (helmet restricted)
rElec   .          Harm     .   (no cloak)
rCorr   .          Rampage  .   (no gloves)
Will    .....                   (no boots)
Stlth   +++.......              (no amulet)
HPRegen 0.11/turn               (no ring)
MPRegen 0.08/turn               (no ring)

@: no status effects
A: AC +5, unfitting armour, cold-blooded
a: no special abilities


You were on level 4 of the Dungeon.
You visited 1 branch of the dungeon, and saw 2 of its levels.

Inventory:

Hand Weapons
 a - a +0 short sword (weapon)
Wands
 f - a wand of digging (3)
Scrolls
 b - a scroll of fog
 c - 3 scrolls of identify {unknown}
 d - a scroll of fear
Potions
 e - a potion of haste
 g - a potion of mutation {unknown}


   Skills:
 + Level 3.7 Fighting
 + Level 2.2 Short Blades
 + Level 2.0 Dodging
 + Level 5.4 Stealth


You had 2 spell levels left.
You didn't know any spells.
Your spell library was empty.

Dungeon Overview and Level Annotations

Branches:
Dungeon (5/15)
 Temple: D:4-7

Altars:
Gozag


Innate Abilities, Weirdness & Mutations

Your plain brown scales are hard. (AC +5)
You cannot fit into any form of body armour.
You are cold-blooded and may be slowed by cold attacks.


Message History

The ball python hisses angrily.
The ball python closely misses you. The ball python grabs you.
The ball python constricts you.
You escape the ball python's grasp.
The ball python bites you.
* * * LOW HITPOINT WARNING * * *
The ball python barely misses you. The ball python bites you.
* * * LOW HITPOINT WARNING * * *
The ball python closely misses you.
You closely miss the ball python.
A hobgoblin comes into view.
The ball python barely misses you. The ball python grabs you.
The ball python constricts you.
The hobgoblin shouts!
You hit the ball python.
The ball python is moderately wounded.
You hear a shout!
The ball python bites you but does no damage.
The ball python constricts you.
You hit the ball python.
You kill the ball python!
The hobgoblin misses you. The hobgoblin closely misses you.
You completely miss the hobgoblin.
The hobgoblin hits you but does no damage.
You hit the hobgoblin.
The hobgoblin is heavily wounded.
The hobgoblin hits you.
* * * LOW HITPOINT WARNING * * *
You closely miss the hobgoblin.
Your tail-slap misses the hobgoblin.
The hobgoblin is moderately wounded.
The hobgoblin barely misses you.
You closely miss the hobgoblin.
The hobgoblin is moderately wounded.
The hobgoblin hits you.
* * * LOW HITPOINT WARNING * * *
You barely miss the hobgoblin.
The hobgoblin is moderately wounded.
The hobgoblin hits you.
You die...

*,,,,,,,,,,,,,,,*
*,**,*,********,*
#.*#.,,,,,,,,,*,*
*.##..,******,,,*
*,....#####******
**##...,...,,,,,,* ****
*,,...#,#.#*****,* ,,,*
*,###.#+#g######+#*
**,*****,#.#....@.!......*
*,,,,,,,#...............*
****#####.#.#######.....*
###.......#≈SSB≈#.....*
####...##....#≈≈.≈≈+.....*
.......##.##.#≈≈≈≈≈#.....*
##...#.##....#######.####*
.#[###.#####.........#
)....#.# **##.########


You could see 2 adders, a giant cockroach and a hobgoblin.

Vanquished Creatures
  A hound (D:5)
  Robin (D:4)
  An endoplasm (D:4)
  2 hobgoblins (D:5)
  2 ball pythons (D:4)
  8 goblins
15 creatures vanquished.

Notes
Turn   | Place    | Note
-------+----------+-------------------------------------------
     0 | D:5      | DocClef the Draconian Delver began the quest for the Orb.
     0 | D:5      | Reached XP level 1. HP: 19/19 MP: 1/1
    20 | D:5      | Found an opulent altar of Gozag.
    32 | D:5      | Noticed a black bear
    86 | D:4      | Noticed Robin
    89 | D:4      | Noticed a hound
   506 | D:5      | Killed a hound
   507 | D:5      | Reached skill level 5 in Stealth
   507 | D:5      | Reached XP level 2. HP: 2/26 MP: 2/2
   507 | D:5      | Reached XP level 3. HP: 2/31 MP: 3/3
   804 | D:4      | Killed Robin
   846 | D:4      | Slain by a hobgoblin

Illustrated notes

Levels and vault maps discovered:
D:4:      layout_basic, minitemple, gup_sewer_entry_glass, minmay_statues_item,
          uniq_robin
D:5:      layout_basic, lemuel_doored_altar, minmay_temple_entry_sparse_star,
          serial_bayou_pond_e, nicolae_elevator_lobby_plus

Skill      XL: |  1  2  3 |
---------------+----------+-----
Stealth        | 5 |  5.4
Dodging        | 2 |  2.0
Fighting       | |  3.7
Short Blades   | |  2.2

Action                   || total
-------------------------++-------
Melee: Short sword       ||    55
       Tailslap          ||     5
  Use: Scroll            ||     1
Armor: Skin              ||    20
Dodge: Dodged            ||    59

Table legend: (Time is in decaauts)
 A = Elapsed time spent in this place.
 B = Non-inter-level travel time spent in this place.
 C = Inter-level travel time spent in this place.
 D = Time resting spent in this place.
 E = Time spent auto-exploring this place.
 F = Levels seen in this place.
 G = Mean time per level.
                   A        B        C        D        E       F      G
               +--------+--------+--------+--------+--------+-----+--------+
         Total |    852 |    852 |      0 |    643 |     28 |   2 |  426.0 |
       Dungeon |    852 |    852 |      0 |    643 |     28 |   2 |  426.0 |
               +--------+--------+--------+--------+--------+-----+--------+

Top non-repeatable levels by time:
     D:5: 770 daAuts
     D:4: 82 daAuts
